 Dungeon Crawl Stone Soup version 0.27-a0-1051-g288ea87c7c (webtiles) character file.

Game seed: 16587061454552597439

21361 vhaine the Severer (level 12, 0/90 HPs)
             Began as a Minotaur Fighter on Apr 21, 2021.
             Was a High Priest of Okawaru.
             Succumbed to a redback's poison
             ... on level 2 of the Lair of Beasts.
             The game lasted 00:38:39 (19727 turns).

vhaine the Severer (Minotaur Fighter)              Turns: 19727, Time: 00:38:40

Health: 0/90       AC: 20    Str: 21 (23) XL:     12   Next: 53%
Magic:  16/16      EV:  5    Int:  4 (6)  God:    Okawaru [*****.]
Gold:   1064       SH:  9    Dex: 14 (15) Spells: 11/11 levels left

rFire    . . .     SeeInvis .   d - +6 war axe of Ykaung {freeze, Dex+3}
rCold    . . .     Faith    .   c - +0 kite shield
rNeg     . . .     Spirit   .   v - +0 plate armour
rPois    .         Reflect  .   K - +2 hat
rElec    .         Harm     .   D - +0 cloak
rCorr    .         Rampage  .   (no gloves)
Will     .....                  (no boots)
Stlth    ..........             (no amulet)
HPRegen  0.25/turn              (no ring)
MPRegen  0.15/turn              (no ring)

@: lethally poisoned (0 -> -18), attractive, flying
A: horns 2, retaliatory headbutt
a: Renounce Religion, Heroism, Finesse


You were on level 2 of the Lair of Beasts.
You worshipped Okawaru.
Okawaru was extremely pleased with you.
You visited 3 branches of the dungeon, and saw 14 of its levels.

You collected 1064 gold pieces.

Inventory:

Hand Weapons
 a - a +0 war axe
 d - the +6 war axe of Ykaung (weapon) {freeze, Dex+3}
   (You found it on level 8 of the Dungeon)

   It has been specially enchanted to freeze those struck by it, causing extra
   injury to most foes and up to half again as much damage against particularly
   susceptible opponents.
   It can also slow down cold-blooded creatures.
   It affects your dexterity (+3).
 J - a +0 vampiric war axe
 N - a +3 executioner's axe of flaming
Missiles
 y - 10 atropa-tipped darts (quivered)
Armour
 b - a +0 scale mail
 c - a +0 kite shield (worn)
 g - a scarf of shadows
 o - a +0 chain mail
 v - a +0 plate armour (worn)
 D - a +0 cloak (worn)
 E - a +0 tower shield
 H - +0 acid dragon scales
 K - a +2 hat (worn)
 L - the +0 chain mail of Xiegiwn {rCorr}
   (You found it on level 2 of the Lair of Beasts)

   It protects you from acid and corrosion.
Jewellery
 w - a ring of ice
Wands
 p - a wand of flame (21)
 B - a wand of polymorph (17)
 C - a wand of mindburst (7)
 I - a wand of iceblast (31)
Scrolls
 i - a scroll of torment {unknown}
 k - 3 scrolls of blinking
 l - 2 scrolls of fear {unknown}
 q - 9 scrolls of identify {unknown}
 r - 2 scrolls of enchant armour {unknown}
 s - 5 scrolls of noise {unknown}
 t - 3 scrolls of amnesia {unknown}
 u - 2 scrolls of holy word {unknown}
 x - 5 scrolls of teleportation {unknown}
 A - 2 scrolls of summoning {unknown}
 M - 2 scrolls of vulnerability {unknown}
Potions
 e - a potion of cancellation
 f - a potion of magic
 h - a potion of haste
 j - a potion of flight
 m - 2 potions of degeneration
 z - 3 potions of brilliance
 F - a potion of resistance
 G - 2 potions of lignification


   Skills:
 - Level 3.6 Fighting
 - Level 16.0 Axes
 - Level 16.0 Armour
 - Level 3.6 Shields
 + Level 7.3 Invocations


You had 11 spell levels left.
You didn't know any spells.
Your spell library contained the following spells:

 Spells                   Type           Power      Damage    Failure   Level
 Animate Skeleton         Necr           0%         N/A       100%        1
 Pain                     Necr           0%         1d4       100%        1
 Confusing Touch          Hex            0%         N/A       100%        3
 Gell's Gravitas          Tloc           0%         N/A       100%        3
 Vampiric Draining        Necr           0%         2d6       100%        3
 Animate Dead             Necr           0%         N/A       100%        4
 Petrify                  Tmut/Erth      0%         N/A       100%        4
 Agony                    Necr           0%         N/A       100%        5
 Metabolic Englaciation   Hex/Ice        0%         N/A       100%        5
 Yara's Violent Unravell  Hex/Tmut       0%         3d3       100%        5


Dungeon Overview and Level Annotations

Branches:
Dungeon (11/15)            Temple (1/1) D:6            Lair (2/6) D:8
    Orc (0/2) D:11
  Swamp: Lair:2-4    Shoals: Lair:2-4     Snake: Lair:2-4    Spider: Lair:2-4

Altars:
Ashenzari
Cheibriados
Dithmenos
Elyvilon
Fedhas
Gozag
Hepliaklqana
Kikubaaqudgha
Makhleb
Nemelex Xobeh
Okawaru
Qazlal
Ru
Sif Muna
Trog
Uskayaw
Vehumet
Wu Jian
Xom
Yredelemnul
Zin
The Shining One

Shops:
D:4 =   D:5 [

Annotations:
D:11 3 runed translucent doors, Lobster4's ghost, journeyman GnWn


Innate Abilities, Weirdness & Mutations

You have a pair of horns on your head.
You reflexively headbutt those who attack you in melee.


Message History

Okawaru accepts your kill.
You miss the redback. The redback bites you!
You are poisoned.
The redback poisons you! The redback bites you.
You are lethally poisoned!
The redback poisons you!
You closely miss the redback.
You feel extremely sick.
The redback bites you but does no damage.
You slash the redback! You freeze the redback! You headbutt the redback.
The redback is almost dead.
You feel extremely sick.
The redback bites you but does no damage.
You slash the redback! You freeze the redback.
You kill the redback!
Okawaru accepts your kill.
You feel extremely sick.
You are too injured to fight recklessly!
You are too injured to fight recklessly!
There is a lethal amount of poison in your body!
There is a lethal amount of poison in your body!
It was a potion of degeneration.
There was something very wrong with that liquid.
You feel weakened.
You feel dopey.
You feel clumsy.
* * * LOW HITPOINT WARNING * * *
You feel extremely sick.
It was a potion of cancellation.
You feel magically purged.
* * * LOW HITPOINT WARNING * * *
You feel extremely sick.
It was a potion of magic.
Magic courses through your body.
* * * LOW HITPOINT WARNING * * *
You feel extremely sick.
It was a potion of flight.
You feel very buoyant.
You fly up into the air.
* * * LOW HITPOINT WARNING * * *
You feel very sick.
It was a potion of attraction.
You feel attractive to monsters.
You die...

##.(..#....#.#......###.
#........#........##
#....P.P##.<....###
#............#..#
##........##.#...#
#....####..##....#
##....# #### ##..#
#...########.##.#
##...#.#.#.#@# ^.
#....##.#^#^#.# ..
##...#^#######.#
#.......#.# ..≈
##.......# .≈.
#........#^# .≈..#
###...#.#### #...
#....##.# ... #....# #^#


There were no monsters in sight!

Vanquished Creatures
  Gastronok (Lair:1)
  A catoblepas (Lair:2)
  Pikel (D:5)
  A black mamba (Lair:1)
  Maggie (D:8)
  A komodo dragon (Lair:1)
  4 cane toads
  3 jumping spiders (Lair:2)
  A polar bear (Lair:1)
  A hornet (D:8)
  2 trolls (D:9)
  11 blink frogs
  4 redbacks (Lair:2)
  2 wyverns
  A wraith (D:9)
  2 humans (D:8)
  2 basilisks (Lair:1)
  35 yaks
  A vampire mosquito (D:8)
  An acid dragon (D:11)
  6 water moccasins
  8 orc warriors
  2 ice beasts (D:6)
  2 black bears
  A hornet zombie (D:7)
  2 ogres
  A necrophage (D:8)
  A centaur (D:9)
  A phantom (D:7)
  5 bullfrogs
  A wyvern zombie (D:8)
  A gnoll sergeant (D:11)
  A water moccasin skeleton (D:6)
  10 killer bees
  8 wights
  3 howler monkeys (D:10)
  3 jellies (D:6)
  2 bullfrog zombies
  6 centaur zombies
  A bullfrog skeleton (D:5)
  6 hounds
  10 orc priests
  A centaur skeleton (D:5)
  Terence (D:2)
  Ijyb (D:3)
  2 hell rats (Lair:1)
  An iguana (D:6)
  13 orc wizards
  2 killer bee zombies
  4 howler monkey zombies
  4 gnolls (D:11)
  6 adders
  12 river rats (Lair:1)
  4 white imps
  2 ufetubi
  4 worms
  A dart slug (D:3)
  60 orcs
  7 ball pythons
  4 bats
  3 endoplasms
  2 giant cockroaches
  7 goblins
  8 hobgoblins
  8 jackals (D:2)
  4 quokkas
  3 frilled lizards
  5 kobolds
  10 rats
336 creatures vanquished.

Vanquished Creatures (others)
  2 bushes
  17 fungi
  61 plants
  8 withered plants (D:3)
88 creatures vanquished.

Grand Total: 424 creatures vanquished

Notes
Turn   | Place    | Note
-------+----------+-------------------------------------------
     0 | D:1      | vhaine the Minotaur Fighter began the quest for the Orb.
     0 | D:1      | Reached XP level 1. HP: 19/19 MP: 0/0
   396 | D:1      | Reached XP level 2. HP: 26/26 MP: 1/1
   878 | D:2      | Reached XP level 3. HP: 21/31 MP: 2/2
  1000 | D:2      | Noticed Terence
  1013 | D:2      | Killed Terence
  1014 | D:2      | Reached skill level 5 in Axes
  1072 | D:2      | Found a faded altar of an unknown god.
  1145 | D:2      | Reached XP level 4. HP: 39/39 MP: 3/3
  1860 | D:3      | Noticed Ijyb
  1891 | D:3      | Killed Ijyb
  1892 | D:3      | Reached XP level 5. HP: 45/45 MP: 4/4
  2345 | D:3      | Found a radiant altar of Vehumet.
  2456 | D:3      | Found an ancient bone altar of Kikubaaqudgha.
  2546 | D:3      | Found an ornate altar of the Wu Jian Council.
  2834 | D:4      | Found a sacrificial altar of Ru.
  2836 | D:4      | Noticed a black bear
  2845 | D:4      | Killed a black bear
  2846 | D:4      | Reached XP level 6. HP: 41/51 MP: 5/5
  3644 | D:4      | Found Ricvonil's Jewellery Emporium.
  3964 | D:5      | Entered Level 5 of the Dungeon
  3970 | D:5      | Found a stormy altar of Qazlal.
  4050 | D:5      | Reached XP level 7. HP: 55/57 MP: 6/6
  4368 | D:5      | Found Vusysch's Armour Emporium.
  4434 | D:5      | Noticed Pikel
  4450 | D:5      | Killed Pikel
  4451 | D:5      | Reached XP level 8. HP: 37/64 MP: 7/7
  4846 | D:5      | Found a glowing silver altar of Zin.
  5853 | D:6      | Reached skill level 5 in Armour
  6801 | D:6      | Reached XP level 9. HP: 69/70 MP: 8/8
  7044 | D:6      | Found a staircase to the Ecumenical Temple.
  7110 | Temple   | Entered the Ecumenical Temple
  9496 | D:8      | Noticed Maggie
  9519 | D:8      | Killed Maggie
  9969 | D:8      | Found an iron altar of Okawaru.
  9985 | D:8      | Reached XP level 10. HP: 49/77 MP: 9/9
  9991 | D:8      | Reached skill level 10 in Armour
 10119 | D:8      | Became a worshipper of Warmaster Okawaru
 10159 | D:8      | Identified the +6 war axe of Ykaung {freeze, Dex+3}
 10242 | D:8      | Found a staircase to the Lair.
 10252 | D:8      | Found a white marble altar of Elyvilon.
 10872 | D:8      | Found a burning altar of Makhleb.
 11123 | D:9      | Reached * piety under Okawaru
 11245 | D:9      | Reached ** piety under Okawaru
 11447 | D:9      | Reached skill level 15 in Axes
 12702 | D:10     | Entered Level 10 of the Dungeon
 12883 | D:10     | Noticed a boulder beetle
 13486 | D:10     | Reached *** piety under Okawaru
 13487 | D:10     | Reached XP level 11. HP: 82/82 MP: 10/10
 14426 | D:11     | Found a runed translucent gate.
 14426 | D:11     | Found a runed translucent gate.
 14426 | D:11     | Found a runed translucent gate.
 14427 | D:11     | Noticed a two-headed ogre
 14444 | D:11     | Noticed Lobster4's ghost (journeyman GnWn)
 14668 | D:11     | Found the +2 hat of the Bear Spirit {Spirit, +Rage rN+
                  | Will++}
 14854 | D:11     | Found a staircase to the Orcish Mines.
 15750 | Lair:1   | Entered Level 1 of the Lair of Beasts
 16139 | D:8      | Reached **** piety under Okawaru
 17039 | Lair:1   | Reached ***** piety under Okawaru
 17176 | Lair:1   | Noticed Gastronok
 17193 | Lair:1   | Killed Gastronok
 17194 | Lair:1   | Reached skill level 15 in Armour
 17399 | Lair:1   | Reached XP level 12. HP: 83/90 MP: 11/11
 18049 | Lair:2   | Noticed a catoblepas
 18083 | Lair:1   | Reached skill level 1 in Invocations
 18253 | Lair:2   | Received a gift from Okawaru
 18835 | Lair:2   | Reached skill level 5 in Invocations
 19346 | Lair:2   | Killed a catoblepas
 19659 | Lair:2   | Identified the +0 chain mail of Xiegiwn {rCorr}
 19726 | Lair:2   | HP: 4/90 [poisoned by a redback]
 19727 | Lair:2   | Succumbed to a redback's poison

Illustrated notes

Levels and vault maps discovered:
D:1:      dpeg_arrival_shrine, layout_loops_cross
D:2:      layout_basic, ebering_ecumenical_altar_rust, uniq_terence
D:3:      layout_loops_cross, lemuel_coloured_pillars_altar,
          amcnicky_altar_gilded, kiku_gazebo_garden_becter, uniq_ijyb
D:4:      layout_loops_ring, nicolae_ru_sacrificial_ziggurat,
          serial_co_window_serial, co_window_paths_b, co_window_paths_b,
          co_window_of_opportunity_a, co_window_of_opportunity_a,
          co_window_of_opportunity_a, co_window_corner_cb, co_window_2corner,
          co_window_corner_ca, co_window_broadway_b, co_window_of_opportunity_c,
          co_window_cross_2, co_window_unsneaky_path_b, co_window_sun,
          co_window_4corner_a, glass_columns_b, glass_columns_a,
          glass_columns_a, glass_columns_a, minmay_shop_enchanted_jewellery,
          chequers_serial_rivers_micro_a
D:5:      layout_basic, lemuel_crystal_altar, zin_academy, serial_shops, shop,
          uniq_pikel
D:6:      layout_cave_pods, minmay_temple_entry_antechambers
D:7:      layout_basic, eino_jars
D:8:      layout_rooms, nicolae_overflow_hidden_temple,
          nicolae_elyvilon_peaceful_grove, okawaru_humans, lair_entry_dummy,
          hangedman_pestilent_swarm, minmay_misc_feat_square, uniq_maggie
D:9:      layout_basic, eino_small_chamber_without_monster,
          kennysheep_generic_room_8
D:10:     layout_gridville, lemuel_old_faithful
D:11:     layout_basic, hiddenorc2_lemuel, gammafunk_ghost_split,
          minmay_crystal_room
Temple:   cyrus_circular_temple
Lair:1:   layout_chaotic_city, serial_forest, infiniplex_forest_lined_3_way,
          infiniplex_forest_zigzag_2, infiniplex_forest_clump_curved,
          infiniplex_forest_clump_long, infiniplex_forest_straight_3,
          infiniplex_forest_clump_diagonal, kennysheep_abandoned_house,
          uniq_gastronok
Lair:2:   layout_chaotic_city, nicolae_spider_entry_tight_spaces,
          infiniplex_staircase_pool, grunt_megastairs_4

Skill      XL: |  1  2  3  4  5  6  7  8  9 10 11 12 |
---------------+-------------------------------------+-----
Axes           | 3 4 5 6 8 9 11 12 14 15 16 | 16.0
Armour         | 6 9 12 15 16 | 16.0
Invocations    | 7 |  7.3
Fighting       | |  3.6
Shields        | |  3.6

Action                   |  1- 3 |  4- 6 |  7- 9 | 10-12 || total
-------------------------+-------+-------+-------+-------++-------
Melee: War axe           |    60 |   138 |   318 |   547 ||  1063
       Headbutt          |     6 |    20 |    60 |   118 ||   204
Invok: Heroism           |       |       |       |     1 ||     1
Evoke: Wand              |       |     2 |     1 |       ||     3
  Use: Potion            |       |       |     5 |    12 ||    17
       Scroll            |       |       |     1 |       ||     1
 Stab: Petrifying        |       |       |       |     1 ||     1
Armor: Scale mail        |    27 |    16 |       |       ||    43
       Chain mail        |       |    50 |     9 |       ||    59
       Plate armour      |       |       |   160 |   233 ||   393
       Skin              |       |       |       |     2 ||     2
Dodge: Dodged            |    18 |    38 |    44 |    64 ||   164
Block: Kite shield       |    25 |    56 |   136 |   205 ||   422

Table legend: (Time is in decaauts)
 A = Elapsed time spent in this place.
 B = Non-inter-level travel time spent in this place.
 C = Inter-level travel time spent in this place.
 D = Time resting spent in this place.
 E = Time spent auto-exploring this place.
 F = Levels seen in this place.
 G = Mean time per level.
                   A        B        C        D        E       F      G
               +--------+--------+--------+--------+--------+-----+--------+
         Total |  19777 |  18904 |    873 |   7029 |   9257 |  14 | 1412.6 |
       Dungeon |  16174 |  15415 |    759 |   5458 |   7894 |  11 | 1470.4 |
        Temple |     99 |     90 |      9 |      0 |     62 |   1 |   99.0 |
          Lair |   3503 |   3399 |    104 |   1571 |   1301 |   2 | 1751.5 |
               +--------+--------+--------+--------+--------+-----+--------+

Top non-repeatable levels by time:
     D:9: 2178 daAuts
     D:7: 1998 daAuts
  Lair:1: 1964 daAuts
     D:5: 1896 daAuts
     D:8: 1731 daAuts
     D:6: 1693 daAuts
    D:11: 1608 daAuts
  Lair:2: 1539 daAuts
     D:4: 1314 daAuts
     D:3: 1116 daAuts
    D:10: 1016 daAuts
     D:1: 871 daAuts
     D:2: 748 daAuts
  Temple: 99 daAuts
